 Dungeon Crawl Stone Soup version 0.29-a0-902-g0f71de6fce (webtiles) character file.

Game seed: 9712034495842008347

378 quixfox the Digger (level 6, -2/32 HPs)
             Began as a Gargoyle Earth Elementalist on July 25, 2022.
             Killed by an exploding butterfly (12 damage)
             ... ignited by their inner flame
             ... on level 5 of the Dungeon.
             The game lasted 00:07:51 (3987 turns).

quixfox the Digger (Gargoyle Earth Elementalist)    Turns: 3987, Time: 00:07:52

Health: -2/32      AC:  8    Str: 12    XL:     6   Next: 74%
Magic:  12/12      EV: 11    Int: 17    God:
Gold:   178        SH:  0    Dex: 10    Spells: 7/13 levels left

rFire   . . .      SeeInvis .   s - +3 whip (pain)
rCold   . . .      Faith    .   (no shield)
rNeg    + . .      Spirit   .   a - +0 robe
rPois   ∞          Reflect  .   (no helmet)
rElec   +          Harm     .   (no cloak)
rCorr   .          Rampage  .   (no gloves)
Will    .....                   o - +1 pair of boots
Stlth   ++........              (no amulet)
HPRegen 0.10/turn               (no ring)
MPRegen 0.13/turn               (no ring)

@: weak-willed
A: sickness immunity, AC +4, negative energy resistance 1, electricity
resistance, torment resistance 1, petrification resistance
a: no special abilities


You were on level 5 of the Dungeon.
You visited 1 branch of the dungeon, and saw 5 of its levels.

You collected 178 gold pieces.

Inventory:

Hand Weapons
 s - a +3 whip of pain (weapon)
Missiles
 g - 3 throwing nets
Armour
 a - a +0 robe (worn)
 o - a +1 pair of boots (worn)
Scrolls
 c - a scroll of silence {unknown}
 e - 3 scrolls of noise
 h - a scroll of teleportation {unknown}
 i - a scroll of magic mapping
 m - 2 scrolls of enchant weapon
 x - a scroll of immolation
Potions
 b - 3 potions of magic
 f - a potion of resistance
 j - a potion of invisibility
 k - a potion of curing
 l - a potion of cancellation {unknown}
 q - a potion of haste {unknown}
 r - a potion of lignification {unknown}
 t - a potion of degeneration {unknown}
 v - a potion of flight {unknown}
 w - a potion of ambrosia {unknown}


   Skills:
 - Level 1.5 Dodging
 - Level 2.1 Stealth
 + Level 4.3 Spellcasting
 + Level 2.8 Conjurations
 - Level 0.7 Transmutations
 + Level 6.2 Earth Magic


You had 7 spell levels left.
You knew the following spells:

 Your Spells              Type           Power      Damage    Failure   Level
a - Sandblast             Erth           48%        2d12      1%          1
b - Stone Arrow           Conj/Erth      38%        3d9       7%          3
c - Passwall              Tmut/Erth      12%        N/A       5%          2

Your spell library contained the following spells:

 Spells                   Type           Power      Damage    Failure   Level
 Petrify                  Tmut/Erth      15%        N/A       36%         4


Dungeon Overview and Level Annotations

Branches:
Dungeon (5/15)             Temple (0/1) D:5

Altars:
Qazlal

Shops:
D:2 :   D:4 *


Innate Abilities, Weirdness & Mutations

You are immune to sickness and miasma.
Your stone body is resilient. (AC +4)
You are immune to poison.
You resist negative energy. (rN+)
You are resistant to electric shocks. (rElec)
You are resistant to unholy torment.
You are immune to petrification.


Message History

You kill the quokka!
As you read the scroll of identify, it crumbles to dust.
j - a potion of invisibility
As you read the scroll of identify, it crumbles to dust.
k - a potion of curing
As you read the scroll labelled TEINNU CESTU, it crumbles to dust.
You feel aware of your surroundings.
It was a scroll of magic mapping.
As you read the scroll labelled ZOTSEXK EGAUL, it crumbles to dust.
It is a scroll of enchant weapon.
Your +2 whip of pain glows red for a moment.
The air fills with toxic fumes!
As you read the scroll labelled JUIXTU MEGER, it crumbles to dust.
It was a scroll of poison.
As you read the scroll labelled VAOBEATIUDGH, it crumbles to dust.
Magic quickly surges around you.
It was a scroll of vulnerability.
As you read the scroll labelled ZYVUGU FIMPIUMM, it crumbles to dust.
You hear the tinkle of a tiny bell.
It was a scroll of butterflies.
As you read the scroll labelled JUR SIUWOMIOFO, it crumbles to dust.
The creatures around you are filled with an inner flame!
It was a scroll of immolation.
Your butterfly is engulfed in poison gas.
Your butterfly is poisoned.
Your butterfly disappears in a burst of colours!
Your butterfly explodes!
The fiery explosion engulfs your butterfly!!!
Your butterfly disappears in a burst of colours!
The fiery explosion engulfs your butterfly!!
Your butterfly disappears in a burst of colours!
Your butterfly explodes!
The fiery explosion engulfs your butterfly!
Your butterfly disappears in a burst of colours!
The fiery explosion engulfs your butterfly!!
Your butterfly disappears in a burst of colours!
The fiery explosion engulfs you!!
Ouch! That really hurt!
Your butterfly explodes!
The fiery explosion engulfs your butterfly!
Your butterfly disappears in a burst of colours!
The fiery explosion engulfs you!
You die...

*,****,***,,* *,*
*,,,,,*****,***###*,*
,,,,,**,**,,,,,§§#*,*
*,*,,*,,,,,,,**#§#*,*
*,*,*,,,>,,*,,*#§#*,*
*,*,,,,,,,**#,,§§§,,*
*,,,****,,**#§,#b#*,*
*,,******,,*#§§#b##,*
*,,,**,,,*,,*#§§@b#,*
***,,,,*,§§§§§#§#b#,***
*,*****§##*§§§*b#,,,*
**,* *,,§§§§§,§§,,,*
*,,* **######*§#§,,*
*,** *§##§** *,* *§#*§#
*,* *§#*,#
*,**************,**,*


There were no monsters in sight!

Vanquished Creatures
  2 scorpions
  A gnoll bouda (D:4)
  Jessica (D:2)
  An iguana (D:4)
  3 adders
  7 gnolls (D:4)
  A worm (D:4)
  3 dart slugs
  An orc (D:5)
  6 ball pythons
  4 endoplasms
  7 giant cockroaches
  6 hobgoblins
  7 jackals
  7 kobolds
  2 quokkas
  7 bats
  3 frilled lizards
  5 goblins (D:1)
  7 rats
81 creatures vanquished.

Notes
Turn   | Place    | Note
-------+----------+-------------------------------------------
     0 | D:1      | quixfox the Gargoyle Earth Elementalist began the quest for
                  | the Orb.
     0 | D:1      | Reached XP level 1. HP: 10/10 MP: 3/3
   213 | D:1      | Reached skill level 4 in Earth Magic
   213 | D:1      | Reached XP level 2. HP: 13/15 MP: 0/5
   751 | D:1      | Reached XP level 3. HP: 19/19 MP: 3/6
  1596 | D:2      | Noticed Jessica
  1598 | D:2      | Killed Jessica
  1599 | D:2      | Reached skill level 5 in Earth Magic
  1599 | D:2      | Reached XP level 4. HP: 24/24 MP: 5/8
  1728 | D:2      | Found Tuilazem's Book Shop.
  2106 | D:3      | Learned a level 3 spell: Stone Arrow
  2182 | D:3      | Learned a level 2 spell: Passwall
  2510 | D:4      | You fall into a shaft and drop 1 floor!
  2510 | D:5      | Entered Level 5 of the Dungeon
  2613 | D:4      | Noticed a scorpion
  2623 | D:5      | Killed a scorpion
  2624 | D:5      | Reached skill level 1 in Conjurations
  2624 | D:5      | Reached XP level 5. HP: 20/28 MP: 3/10
  2872 | D:4      | Found Qyagoh's CLEARANCE SALE!.
  2937 | D:4      | Reached XP level 6. HP: 13/32 MP: 6/11
  3442 | D:4      | Reached skill level 6 in Earth Magic
  3680 | D:4      | Found a stormy altar of Qazlal.
  3987 | D:5      | Killed by an exploding butterfly... ignited by their inner
                  | flame

Illustrated notes

Levels and vault maps discovered:
D:1:      reono_arrival_mine, layout_basic, minivault_27,
          chequers_hall_statues_y
D:2:      layout_loops_cross, serial_shops, shop, uniq_jessica
D:3:      layout_basic, hex_intersection
D:4:      layout_cave_pools, grunt_qazlal_sundering, nicolae_shop_clearance
D:5:      layout_loops_ring, minmay_temple_entry_wispy,
          nicolae_figureground_sparkle, uniq_prince_ribbit1, uniq_edmund

Skill      XL: |  1  2  3  4  5  6 |
---------------+-------------------+-----
Earth Magic    | 4 5 6 |  6.2
Spellcasting   | 3 4 |  4.3
Conjurations   | 1 2 |  2.8
Dodging        | |  1.5
Stealth        | |  2.1
Transmutations | |  0.7

Action                   |  1- 3 |  4- 6 || total
-------------------------+-------+-------++-------
 Cast: Sandblast         |    55 |    84 ||   139
  Use: Scroll            |       |    10 ||    10
Armor: Robe              |     8 |    24 ||    32
Dodge: Dodged            |    21 |    56 ||    77

Table legend: (Time is in decaauts)
 A = Elapsed time spent in this place.
 B = Non-inter-level travel time spent in this place.
 C = Inter-level travel time spent in this place.
 D = Time resting spent in this place.
 E = Time spent auto-exploring this place.
 F = Levels seen in this place.
 G = Mean time per level.
                   A        B        C        D        E       F      G
               +--------+--------+--------+--------+--------+-----+--------+
         Total |   4125 |   4027 |     98 |    494 |   2928 |   5 |  825.0 |
       Dungeon |   4125 |   4027 |     98 |    494 |   2928 |   5 |  825.0 |
               +--------+--------+--------+--------+--------+-----+--------+

Top non-repeatable levels by time:
     D:4: 1352 daAuts
     D:1: 1188 daAuts
     D:2: 717 daAuts
     D:3: 681 daAuts
     D:5: 185 daAuts
